 Dungeon Crawl Stone Soup version 0.19.1-1-g22dce08 (webtiles) character file.

7567 Lennu the Blocker (level 11, 0/84 HPs)
             Began as a Formicid Fighter on Jan 4, 2017.
             Was a Believer of Makhleb.
             Killed by Ozocubu's Refrigeration
             ... invoked by Fannar
              (31 damage)
             ... on level 1 of the Lair of Beasts.
             The game lasted 01:17:05 (12745 turns).

Lennu the Blocker (Formicid Fighter)               Turns: 12745, Time: 01:17:06

Health: 0/84       AC: 12    Str: 21    XL:     11   Next: 39%
Magic:  11/11      EV: 13    Int:  8    God:    Makhleb [**....]
Gold:   321        SH: 19    Dex: 11    Spells: 0 memorised, 10 levels left

rFire  + . .     SeeInvis +     a - +3 great sword (freeze)
rCold  x . .     Gourm    .     u - +2 leather armour {rPois}
rNeg   . . .     Faith    .     o - +1 large shield
rPois  +         Spirit   .     (helmet unavailable)
rElec  .         Reflect  .     p - +1 cloak
rCorr  +         Harm     .     t - +0 pair of gloves
MR     +....                    w - +0 pair of boots
Stlth  +.........               (no amulet)
                                m - ring of fire
                                r - ring of resist corrosion

@: no status effects
A: permanent stasis, dig shafts and tunnels, four strong arms, antennae 3,
molten scales 1, clumsy 1, mutation resistance 1
a: Dig, Shaft Self, Minor Destruction, Renounce Religion


You were on level 1 of the Lair of Beasts.
You worshipped Makhleb.
Makhleb was pleased with you.
You were full.

You visited 3 branches of the dungeon, and saw 12 of its levels.

You collected 627 gold pieces.
You spent 306 gold pieces at shops.

Inventory:

Hand Weapons
 a - a +3 great sword of freezing (weapon)
Missiles
 D - a throwing net (quivered)
Armour
 o - a +1 large shield (worn)
 p - a +1 cloak (worn)
 t - a +0 pair of gloves (worn)
 u - a +2 leather armour of poison resistance (worn)
 w - a +0 pair of boots (worn)
Jewellery
 g - an uncursed ring of magical power
 m - a ring of fire (right hand)
 r - a ring of resist corrosion (left hand)
Wands
 z - a wand of lightning (3/15)
 I - a wand of acid (6/15)
Scrolls
 b - a scroll of amnesia {unknown}
 i - 5 scrolls of remove curse
 v - 3 scrolls of fog
 y - 3 scrolls of recharging
 A - a scroll of enchant armour
 B - 2 scrolls of fear
 C - 2 scrolls of enchant weapon
 E - a scroll of holy word {unknown}
Potions
 c - 2 potions of degeneration
 d - 3 potions of haste
 e - 4 potions of flight
 j - a potion of brilliance
 k - 3 potions of magic
 l - a potion of might
 q - 5 potions of curing
 s - a potion of berserk rage {unknown}
Books
 x - a book of Clouds

   Spells                             Type                      Level
   a - Mephitic Cloud                 Conjuration/Poison/Air       3
   b - Conjure Flame                  Conjuration/Fire             3
   c - Poisonous Cloud                Conjuration/Poison/Air       6
   d - Freezing Cloud                 Conjuration/Ice/Air          6
   e - Ring of Flames                 Charms/Fire                  7
 F - a book of Cantrips

   Spells                             Type                      Level
   a - Confusing Touch                Hexes                        1
   b - Animate Skeleton               Necromancy                   1
   c - Summon Small Mammal            Summoning                    1
   d - Apportation                    Translocation                1
 H - a book of Air

   Spells                             Type                      Level
   a - Shock                          Conjuration/Air              1
   b - Swiftness                      Charms/Air                   2
   c - Repel Missiles                 Charms/Air                   2
   d - Static Discharge               Conjuration/Air              3
   e - Lightning Bolt                 Conjuration/Air              5
Comestibles
 f - a beef jerky
 h - 6 meat rations
 G - 5 bread rations


   Skills:
 + Level 7.4 Fighting
 + Level 10.1 Long Blades
 + Level 5.0 Armour
 + Level 5.5 Dodging
 + Level 4.4 Stealth
 + Level 11.6 Shields
 * Level 0.2 Invocations


You had 10 spell levels left.
You didn't know any spells.

Dungeon Overview and Level Annotations

Branches:
Dungeon (10/15)            Temple (1/1) D:6            Lair (1/6) D:10
    Orc: D:9-12

Altars:
Ashenzari
Fedhas
Gozag
Hepliaklqana
Kikubaaqudgha
Makhleb
Nemelex Xobeh
Okawaru
Qazlal
Ru
Trog
Xom
Zin

Shops:
D:7 !

Annotations:
Lair:1 Fannar


Innate Abilities, Weirdness & Mutations

You are under a permanent stasis effect.
You can dig through walls and to a lower floor.
Your four strong arms can wield two-handed weapons with a shield.
You have a pair of large antennae on your head. (SInv)
You are partially covered in molten scales. (AC +2)
You are clumsy. (Dex -2)
You are somewhat resistant to further mutation.


Message History

Your crimson imp disappears in a puff of smoke!
Your white imp disappears in a puff of smoke!
There is a stone staircase leading down here.
You block the ice beast's attack.
Fannar opens the door.
Fannar gestures wildly while chanting.
Fannar brushes some snowflakes from his robe.
You enter the shallow water.
Moving in this stuff is going to be slow.
The ice beast barely misses you.
Fannar mumbles some strange words.
Fannar drains the heat from the surrounding environment!
You feel a terrible chill!
You feel very cold.
Fannar is frozen.
Fannar resists.
Fannar is heavily wounded.
The ice beast closely misses you.
Fannar casts a spell.
Fannar drains the heat from the surrounding environment!
You feel a terrible chill!
You feel very cold.
You die...

#................###
#..................
#..........≈≈......
#......≈.≈≈≈≈≈≈≈...
#.#.##e≈≈≈≈≈≈≈≈....
#..###.≈≈≈≈≈≈≈≈≈..#
#.####.≈≈≈≈≈≈≈≈≈.## #.#
#..≈≈≈.<≈≈≈≈...
##.###..≈Y@≈≈≈≈≈≈...
#..P##.≈≈≈≈≈≈≈≈≈≈...
##.###..≈≈≈≈≈≈≈≈≈...
#.e##...≈≈≈≈≈≈≈≈≈≈..
##..##..[.≈.....#####.# #..
#.##########P..###...###..
#.# #.............
##.###########.............
#........>.......).........


You could see Fannar and an ice beast.

Vanquished Creatures
  An unseen horror (D:8)
  A hill giant (D:10)
  Pikel (D:9)
  A queen bee (D:10)
  A two-headed ogre (D:10)
  2 hippogriffs
  Sigmund (D:2)
  5 yaks (D:10)
  A spriggan (D:10)
  Eustachio (D:5)
  A hungry ghost (D:9)
  Edmund (D:4)
  A water moccasin (D:5)
  Purgy (D:2)
  An orc warrior (D:10)
  2 slaves (D:8)
  A black bear (D:8)
  4 phantoms
  2 necrophages
  The ghost of Lennu the Shield-Bearer, an amateur FoFi of Makhleb (D:3)
  6 ogres
  A big kobold (D:9)
  A crocodile (D:8)
  A bullfrog (D:8)
  2 scorpions
  15 killer bees
  7 wights
  2 jellies
  4 howler monkeys
  3 crimson imps
  6 hounds
  A bullfrog zombie (D:6)
  A quasit (D:5)
  2 bullfrog skeletons
  3 orc priests
  Jessica (D:3)
  2 iguanas
  3 orc wizards
  3 worker ants
  A hound zombie (D:9)
  A hound skeleton (D:6)
  16 adders
  3 river rats (D:6)
  A shadow imp (D:6)
  An ooze (D:4)
  An adder skeleton (D:4)
  9 worms
  2 dart slugs
  5 leopard geckos
  20 orcs
  6 giant cockroaches
  9 goblins
  14 hobgoblins
  6 jackals
  17 kobolds
  3 quokkas
  9 bats
  9 frilled lizards
  A leopard gecko skeleton (D:5)
  10 rats
  A plant (D:10)
239 creatures vanquished.

Vanquished Creatures (collateral kills)
  A killer bee (D:10)
1 creature vanquished.

Vanquished Creatures (others)
  A plant (D:10)
1 creature vanquished.

Grand Total: 241 creatures vanquished

Notes
Turn   | Place    | Note
-------+----------+-------------------------------------------
     0 | D:1      | Lennu the Formicid Fighter began the quest for the Orb.
     0 | D:1      | Reached XP level 1. HP: 18/18 MP: 1/1
   469 | D:1      | Reached XP level 2. HP: 23/24 MP: 2/2
   833 | D:2      | Found a faded altar of an unknown god.
   875 | D:2      | Reached skill level 4 in Shields
   988 | D:2      | Found a bloodstained altar of Trog.
  1014 | D:2      | Reached XP level 3. HP: 26/29 MP: 3/3
  1184 | D:2      | Reached XP level 4. HP: 33/35 MP: 4/4
  1409 | D:2      | Noticed Sigmund
  1417 | D:2      | Killed Sigmund
  1417 | D:2      | Reached skill level 1 in Dodging
  1417 | D:2      | Reached skill level 5 in Shields
  1417 | D:2      | Reached XP level 5. HP: 41/42 MP: 5/5
  1417 | D:2      | Reached XP level 6. HP: 46/48 MP: 6/6
  2535 | D:3      | Noticed Jessica
  2536 | D:3      | Noticed Lennu's ghost (amateur FoFi)
  2543 | D:3      | Killed Jessica
  2543 | D:3      | Reached skill level 1 in Stealth
  3645 | D:3      | Noticed a phantom
  3871 | D:3      | Killed a phantom
  3871 | D:3      | Reached XP level 7. HP: 41/54 MP: 7/7
  4079 | D:3      | Noticed Purgy
  4506 | D:3      | Killed Lennu's ghost
  4506 | D:3      | Reached skill level 6 in Shields
  4798 | D:3      | Gained mutation: You are clumsy. (Dex -2) [potion of mutation]
  4798 | D:3      | Gained mutation: You regenerate slowly when monsters are visible. [potion of mutation]
  4798 | D:3      | Lost mutation: You regenerate slowly when monsters are visible. [potion of mutation]
  5014 | D:2      | You fall through a shaft!
  5820 | D:4      | Noticed Edmund
  5860 | D:4      | Killed Edmund
  5860 | D:4      | Reached XP level 8. HP: 32/60 MP: 8/8
  6058 | D:4      | Found an ancient bone altar of Kikubaaqudgha.
  6172 | D:5      | Entered Level 5 of the Dungeon
  6391 | D:5      | Found a sparkling altar of Nemelex Xobeh.
  6492 | D:5      | Noticed Eustachio
  6873 | D:5      | Killed Eustachio
  6873 | D:5      | Reached skill level 5 in Long Blades
  6873 | D:5      | Reached skill level 7 in Shields
  7401 | D:6      | Found a blossoming altar of Fedhas.
  7913 | D:6      | Found an opulent altar of Gozag.
  7962 | D:6      | Reached skill level 5 in Fighting
  7981 | D:6      | Found a faded altar of an unknown god.
  7981 | D:6      | Found a hazy altar of Hepliaklqana.
  7986 | D:6      | Found a faded altar of an unknown god.
  7988 | D:6      | Found a faded altar of an unknown god.
  7989 | D:6      | Found a faded altar of an unknown god.
  8016 | D:6      | Found a staircase to the Ecumenical Temple.
  8033 | D:6      | Reached skill level 8 in Shields
  8033 | D:6      | Reached XP level 9. HP: 68/68 MP: 9/9
  8062 | Temple   | Entered the Ecumenical Temple
  8076 | Temple   | Became a worshipper of Makhleb the Destroyer
  8618 | D:6      | Found a bloodstained altar of Trog.
  8889 | D:7      | Found Riecoe Fene's Distillery.
  8897 | D:7      | Bought a potion of haste for 120 gold pieces
  8897 | D:7      | Bought a potion of heal wounds for 60 gold pieces
  8897 | D:7      | Bought a potion of mutation for 30 gold pieces
  8897 | D:7      | Bought a potion of heal wounds for 60 gold pieces
  8897 | D:7      | Bought a potion of curing for 36 gold pieces
  8897 | D:7      | Gained mutation: You are partially covered in molten scales. (AC +2) [potion of mutation]
  8897 | D:7      | Gained mutation: You are somewhat resistant to further mutation. [potion of mutation]
  8918 | D:7      | Reached * piety under Makhleb
  8964 | D:7      | Found a glowing silver altar of Zin.
  8964 | D:7      | Found a shimmering altar of Xom.
  8964 | D:7      | Noticed an angel
  8967 | D:7      | Noticed a hippogriff
  8986 | D:7      | Killed a hippogriff
  8986 | D:7      | Reached skill level 9 in Shields
  9608 | D:8      | Noticed a hippogriff
  9637 | D:8      | Killed a hippogriff
  9637 | D:8      | Reached XP level 10. HP: 76/76 MP: 10/10
  9746 | D:8      | Found a stormy altar of Qazlal.
  9941 | D:8      | Noticed an unseen horror
  9987 | D:8      | Killed an unseen horror
  9987 | D:8      | Reached skill level 10 in Shields
 10149 | D:8      | Reached skill level 5 in Dodging
 10589 | D:5      | Reached ** piety under Makhleb
 10824 | D:2      | Killed Purgy
 11073 | D:9      | Noticed Pikel
 11173 | D:9      | Killed Pikel
 11173 | D:9      | Reached skill level 11 in Shields
 11318 | D:9      | Found a shattered altar of Ashenzari.
 11410 | D:9      | Found an iron altar of Okawaru.
 11548 | D:10     | Entered Level 10 of the Dungeon
 11831 | D:10     | Noticed a hill giant
 11842 | D:10     | Killed a hill giant
 11842 | D:10     | Reached skill level 5 in Armour
 11842 | D:10     | Reached XP level 11. HP: 83/83 MP: 11/11
 11876 | D:10     | Reached *** piety under Makhleb
 12024 | D:10     | Found a staircase to the Lair.
 12140 | D:10     | Reached skill level 10 in Long Blades
 12546 | Lair:1   | Entered Level 1 of the Lair of Beasts
 12668 | Lair:1   | Noticed Fannar
 12745 | Lair:1   | Killed from afar by Fannar

Skill      XL: |  1  2  3  4  5  6  7  8  9 10 11 |
---------------+----------------------------------+-----
Shields        | 4 5 6 8 9 11 | 11.6
Fighting       | 4 5 6 7 |  7.4
Long Blades    | 3 4 5 7 9 10 | 10.1
Armour         | 4 5 |  5.0
Dodging        | 1 3 4 5 |  5.5
Stealth        | 1 2 3 4 |  4.4
Invocations    | |  0.2

Action                   |  1- 3 |  4- 6 |  7- 9 | 10-12 || total
-------------------------+-------+-------+-------+-------++-------
Melee: Long sword        |   109 |   211 |   553 |    71 ||   944
       Great sword       |       |       |       |   227 ||   227
Throw: Throwing net      |       |       |     1 |       ||     1
Invok: Lesser Servant of |       |       |       |     4 ||     4
 Abil: Shaft Self        |       |       |     1 |       ||     1
       Dig               |       |       |       |     2 ||     2
  Use: Potion            |       |     1 |     6 |     2 ||     9
       Scroll            |       |     4 |    10 |     4 ||    18
 Stab: Distracted        |       |     1 |       |     4 ||     5
       Sleeping          |       |       |     3 |     2 ||     5
  Eat: Chunk             |     1 |     9 |     6 |     3 ||    19
       Bread ration      |       |       |     2 |     1 ||     3
       Royal jelly       |       |       |     1 |       ||     1
       Beef jerky        |       |       |     1 |       ||     1
       Fruit             |       |       |     2 |       ||     2
       Meat ration       |       |       |       |     2 ||     2
Armor: Scale mail        |    34 |    16 |       |       ||    50
       Leather armour    |       |    37 |   205 |    92 ||   334
       Skin              |       |       |    18 |     3 ||    21
Dodge: Dodged            |    20 |    54 |   206 |   132 ||   412
Block: Shield            |    22 |       |       |       ||    22
       Large shield      |    57 |   193 |   594 |   368 ||  1212
       Rpst.: Long sword |     4 |    15 |    33 |     3 ||    55
       Great sword       |       |       |       |    33 ||    33
